[Event "Team 45 45 League T56"]
[Site "Internet Chess Club"]
[Date "2013.03.24"]
[Round "5"]
[White "xwang1"]
[Black "lluisdp"]
[Result "1-0"]
[WhiteElo "2083"]
[BlackElo "2011"]
[Opening "French: Tarrasch, closed variation"]
[ECO "C05"]
[Time "22:03:23"]
[TimeControl "2700+45"]

1. e4 e6 2. d4 d5 3. Nd2 Nf6 4. e5 Nfd7 5. Ngf3 c5 6. c3 Nc6 7. Bd3 Qb6 8. O-O
cxd4 9. cxd4 Nxd4 10. Nxd4 Qxd4 11. Nf3 Qb6 12. Qa4 Qb4 13. Qc2 Be7 14. a3 Qg4
15. Be3 Qh5 16. Bd4 f5 17. exf6 gxf6 18. Rfe1 e5 19. Bc3 O-O 20. Nd2 Nc5 21. Be2
Qg6 22. Qd1 Be6 23. b4 Nd7 24. Bh5 Qh6 25. Nf1 Kh8 26. Ng3 Rg8 27. Qf3 Qg7 28.
Qe3 Nf8 29. Bb2 Ng6 30. Bf3 Nh4 31. Bh5 Nf5 32. Qf3 Nh4 33. Qe3 Bd6 34. f4 Nf5
35. Qf2 Nxg3 36. hxg3 Qxg3 37. Qxg3 Rxg3 38. fxe5 Rag8 39. exd6 Rxg2+ 40. Kf1
Rxb2 41. Rxe6 Rgg2 42. d7 {Black resigns} 1-0

[Event "Team 45 45 League T56"]
[Site "Internet Chess Club"]
[Date "2013.03.29"]
[Round "5"]
[White "Burning-Bush"]
[Black "avila"]
[Result "1-0"]
[WhiteElo "2055"]
[BlackElo "1952"]
[Opening "Queen's pawn game"]
[ECO "D00"]
[Time "22:16:22"]
[TimeControl "2700+45"]

1. d4 d5 2. g3 Nf6 3. Bg2 e6 4. Nf3 c5 5. c3 Nc6 6. O-O Be7 7. Nbd2 O-O 8. Nb3
b6 9. Re1 Bb7 10. Bg5 c4 11. Nbd2 h6 12. Bxf6 Bxf6 13. e4 b5 14. h3 a5 15. Nh2
b4 16. Ng4 Na7 17. Nxf6+ Qxf6 18. exd5 exd5 19. Nxc4 dxc4 20. Bxb7 Rab8 21. Bd5
Rfc8 22. Re3 Qd6 23. Qf3 Rc7 24. Rae1 bxc3 25. bxc3 Nb5 26. Re8+ Rxe8 27. Rxe8+
Kh7 28. Bxf7 Re7 29. Rxe7 Qxe7 30. Qf5+ Kh8 31. Qc8+ Qd8 32. Qxd8+ Kh7 33. Qg8#
{Black checkmated} 1-0

[Event "Team 45 45 League T56"]
[Site "Internet Chess Club"]
[Date "2013.03.25"]
[Round "5"]
[White "nurmi"]
[Black "PopolVuh"]
[Result "0-1"]
[WhiteElo "1923"]
[BlackElo "1957"]
[Opening "Pirc defense"]
[ECO "B07"]
[Time "19:14:32"]
[TimeControl "2700+45"]

1. e4 d6 2. d4 Nf6 3. Nc3 g6 4. f3 c6 5. Be3 b5 6. a3 Nbd7 7. Qd2 Nb6 8. b3 a6
9. Nge2 Qc7 10. Nf4 Bg7 11. Rd1 Bb7 12. Nd3 O-O 13. h4 Rfe8 14. Ne2 a5 15. Nb2
e5 16. dxe5 dxe5 17. g4 Bf8 18. a4 Red8 19. Qc1 Ba3 20. Qa1 Bf8 21. Nd3 bxa4 22.
bxa4 Nc4 23. Bf2 Ba6 24. h5 Na3 25. Qc1 Bxd3 26. Rxd3 Rxd3 27. cxd3 Rb8 28. Nc3
Rb3 29. Nd1 Bb4+ 30. Ke2 Qd7 31. Be3 Rb1 32. hxg6 fxg6 33. g5 Rxc1 34. Bxc1 Nh5
{White resigns} 0-1

[Event "Team 45 45 League T56"]
[Site "Internet Chess Club"]
[Date "2013.03.21"]
[Round "5"]
[White "Morovon23"]
[Black "Wargasm"]
[Result "1/2-1/2"]
[WhiteElo "2326"]
[BlackElo "2212"]
[Opening "Old Indian: Tartakower (Wade) variation"]
[ECO "A41"]
[Time "12:01:07"]
[TimeControl "2700+45"]

1. d4 d6 2. Nf3 Bg4 3. c4 Bxf3 4. exf3 c6 5. Nc3 g6 6. Be2 Bg7 7. Be3 e6 8. O-O
Ne7 9. Bd3 O-O 10. Qc2 Nd7 11. Rad1 d5 12. b3 Rc8 13. Rfe1 Re8 14. g4 c5 15. Nb5
cxd4 16. Nxd4 a6 17. Qb1 Qc7 18. Ne2 Ne5 19. Kg2 Nxd3 20. Rxd3 dxc4 21. bxc4
Qxc4 22. Rc1 Qa4 23. Rxc8 Nxc8 24. Qxb7 Ne7 25. Rd7 Bf8 26. Ng3 f5 27. gxf5 gxf5
28. Bg5 Kf7 29. Rd6 Qxa2 30. h4 h6 31. Be3 Qc4 32. Nh5 Qb5 33. Qa7 Rc8 34. Nf4
Rc6 35. Rd7 Kf6 36. Bd4+ {Game drawn by mutual agreement} 1/2-1/2

[Event "Team 45 45 League T56"]
[Site "Internet Chess Club"]
[Date "2013.03.24"]
[Round "5"]
[White "michaelq2d5"]
[Black "gazap"]
[Result "1-0"]
[WhiteElo "2138"]
[BlackElo "2155"]
[Opening "King's Indian: Gligoric-Taimanov system"]
[ECO "E92"]
[Time "09:02:52"]
[TimeControl "2700+45"]

1. d4 Nf6 2. c4 g6 3. Nc3 Bg7 4. e4 d6 5. Be2 O-O 6. Nf3 e5 7. Be3 Ng4 8. Bg5 f6
9. Bh4 g5 10. Bg3 Nh6 11. d5 f5 12. exf5 Nxf5 13. Ne4 h6 14. Nfd2 Na6 15. O-O c6
16. Bg4 Nb4 17. Bxf5 Rxf5 18. Qb3 c5 19. f3 a5 20. a3 a4 21. Qc3 Na6 22. Qc2 Nc7
23. Nc3 Bd7 24. Nde4 Qf8 25. Bf2 h5 26. Ng3 Rf4 27. Nxh5 Rxc4 28. Qg6 g4 29. Ne4
gxf3 30. Nef6+ {Black resigns} 1-0

[Event "Team 45 45 League T56"]
[Site "Internet Chess Club"]
[Date "2013.03.25"]
[Round "5"]
[White "perikitosax"]
[Black "Nb4"]
[Result "1/2-1/2"]
[WhiteElo "1977"]
[BlackElo "1921"]
[Opening "Queen's pawn: Franco-Indian (Keres) defense"]
[ECO "A40"]
[Time "12:03:57"]
[TimeControl "2700+45"]

1. d4 e6 2. c4 Bb4+ 3. Bd2 a5 4. e4 d6 5. Nf3 Nf6 6. a3 Bxd2+ 7. Nbxd2 O-O 8. e5
dxe5 9. dxe5 Nfd7 10. Qc2 Nc6 11. Qc3 f6 12. exf6 Qxf6 13. Qxf6 Nxf6 14. Bd3 e5
15. O-O Bg4 16. Rfe1 Rad8 17. Be4 Nxe4 18. Rxe4 Bf5 19. Re3 Rd3 20. Rxd3 Bxd3
21. Re1 Re8 22. Re3 Bg6 23. Kf1 Kf7 24. Nh4 Nd4 25. Nxg6 Kxg6 26. Nf3 Nxf3 27.
Rxf3 a4 28. Ke2 Rd8 29. Rd3 Rd4 30. Rxd4 exd4 31. Kd3 c5 32. Ke4 Kf6 33. f4 h5
34. g3 g6 35. h3 b6 36. g4 Ke6 37. Kd3 {Game drawn by mutual agreement} 1/2-1/2

[Event "Team 45 45 League T56"]
[Site "Internet Chess Club"]
[Date "2013.03.23"]
[Round "5"]
[White "chess9793"]
[Black "DreadHead"]
[Result "1/2-1/2"]
[WhiteElo "2051"]
[BlackElo "2251"]
[Opening "Robatsch (modern) defense"]
[ECO "B06"]
[Time "13:01:49"]
[TimeControl "2700+45"]

1. e4 g6 2. d4 Bg7 3. Nf3 d6 4. h3 Nf6 5. Bd3 O-O 6. O-O Nc6 7. Bf4 Nh5 8. Be3
e5 9. c3 Kh8 10. dxe5 dxe5 11. Bc5 Re8 12. Bc4 Qf6 13. Nbd2 Nf4 14. Kh2 h5 15.
Qb3 Be6 16. Bxe6 Nxe6 17. Be3 b6 18. Nc4 g5 19. Qb5 Nf4 20. Bxf4 gxf4 21. Rad1
a6 22. Qb3 b5 23. Ncd2 Bf8 24. c4 b4 25. Qa4 Nd4 26. Nxd4 exd4 27. Rfe1 Qg6 28.
Qb3 Bd6 29. Nf3 c5 30. e5 Bc7 31. Qd3 Kg7 32. Re4 Re6 33. Rde1 Rae8 34. Qd2 f6
35. Qxf4 fxe5 36. Qd2 a5 37. g4 Kh8 38. Nh4 Qh7 39. g5 Qf7 40. Qe2 Kg7 41. Rg1
Rh8 42. Rg3 Qd7 43. Qf3 Qf7 44. Qe2 Qd7 45. Qf3 Qf7 46. Nf5+ Kg6 47. Nh4+ Kg7
{Game drawn by repetition} 1/2-1/2

[Event "Team 45 45 League T56"]
[Site "Internet Chess Club"]
[Date "2013.03.22"]
[Round "5"]
[White "Shijith"]
[Black "Rodin7"]
[Result "0-1"]
[WhiteElo "2056"]
[BlackElo "2102"]
[Opening "King's Indian: orthodox, 7...Nbd7"]
[ECO "E94"]
[Time "22:08:53"]
[TimeControl "2700+45"]

1. d4 Nf6 2. c4 g6 3. Nc3 Bg7 4. e4 d6 5. Nf3 O-O 6. Be2 Nbd7 7. O-O e5 8. h3
exd4 9. Nxd4 Re8 10. Bf3 Ne5 11. Be2 Nc6 12. Nxc6 bxc6 13. Qc2 Qe7 14. Bf3 Qe5
15. Bd2 Nh5 16. Qa4 Bd7 17. Nd5 Rac8 18. Bc3 Qg5 19. Bxg7 Kxg7 20. Bxh5 Qxh5 21.
Nc3 Bxh3 22. gxh3 Qxh3 23. Rfe1 Re5 24. Re3 Rg5+ 25. Rg3 Rxg3+ 26. fxg3 Qxg3+
27. Kf1 Qf3+ 28. Kg1 Re8 29. Qd1 Qe3+ 30. Kf1 Re6 31. Kg2 Re5 32. Kf1 Rh5 {White
resigns} 0-1

[Event "Team 45 45 League T56"]
[Site "Internet Chess Club"]
[Date "2013.03.21"]
[Round "5"]
[White "CuatroPrincesas"]
[Black "PandorasBox"]
[Result "1/2-1/2"]
[WhiteElo "2152"]
[BlackElo "1911"]
[Opening "French: Tarrasch, closed variation"]
[ECO "C05"]
[Time "18:01:09"]
[TimeControl "2700+45"]

1. e4 e6 2. d4 d5 3. Nd2 Nf6 4. e5 Nfd7 5. Bd3 c5 6. c3 Nc6 7. Ne2 h6 8. f4 Qb6
9. Nf3 Be7 10. Bb1 cxd4 11. cxd4 Bb4+ 12. Bd2 Bxd2+ 13. Qxd2 Qb4 14. Qxb4 Nxb4
15. a3 Nc6 16. Bd3 Nb6 17. b4 Bd7 18. Nc3 a6 19. Kd2 Ke7 20. Ke3 f5 21. h3 Rac8
22. Rac1 Na7 23. g4 g6 24. Rhg1 Kf7 25. gxf5 gxf5 26. Nd2 Rhg8 27. Rxg8 Rxg8 28.
Kf2 Rc8 29. Ne2 Rxc1 30. Nxc1 Bb5 {Game drawn by mutual agreement} 1/2-1/2

[Event "Team 45 45 League T56"]
[Site "Internet Chess Club"]
[Date "2013.03.23"]
[Round "5"]
[White "jonesey"]
[Black "Stryker672"]
[Result "0-1"]
[WhiteElo "1856"]
[BlackElo "1979"]
[Opening "Scotch gambit: Dubois-Réti defense"]
[ECO "C55"]
[Time "04:00:22"]
[TimeControl "2700+45"]

1. e4 e5 2. Nf3 Nc6 3. Bc4 Nf6 4. d4 exd4 5. e5 d5 6. Bb5 Ne4 7. Nxd4 Bc5 8. O-O
Bd7 9. Bxc6 bxc6 10. Be3 Qe7 11. f3 Nd6 12. f4 O-O 13. Kh1 Nc4 14. Bg1 Nxb2 15.
Qh5 Nc4 16. f5 Bxd4 17. Bxd4 Nxe5 18. f6 gxf6 19. Nd2 c5 20. Bf2 Ng4 21. Bh4 Qe5
22. Qxe5 fxe5 23. h3 Ne3 24. Rf3 Nf5 25. Bf6 e4 26. Ra3 Rfb8 27. Kh2 Rb6 28. Be5
c6 29. Nf1 Re8 30. Bf6 Re6 31. Bg5 h6 32. Bf4 Rb7 33. g4 Nd4 34. Ne3 c4 35. Kg2
Rb2 36. Rxa7 Nxc2 37. Nxc2 Rxc2+ 38. Kg3 Be8 39. Be3 Rc3 40. Kf2 Rd3 41. Bc5 e3+
42. Ke1 e2 43. Re7 Rxe7 44. Bxe7 Rxh3 45. Kxe2 d4 46. Bc5 d3+ 47. Kd2 Rh2+ 48.
Ke3 Bd7 49. a4 Bxg4 50. a5 d2 51. Rd1 Bxd1 52. a6 Re2+ {White resigns} 0-1

[Event "Team 45 45 League T56"]
[Site "Internet Chess Club"]
[Date "2013.03.21"]
[Round "5"]
[White "MaartenKoning"]
[Black "NFork"]
[Result "1-0"]
[WhiteElo "2280"]
[BlackElo "2228"]
[Opening "QGA, 4.e3"]
[ECO "D25"]
[Time "07:11:39"]
[TimeControl "2700+45"]

1. Nf3 d5 2. d4 Nf6 3. c4 dxc4 4. e3 a6 5. Bxc4 b5 6. Bd3 Bb7 7. a4 b4 8. Qe2 e6
9. O-O Nbd7 10. e4 Be7 11. Nbd2 c5 12. Nc4 cxd4 13. e5 Nd5 14. Nxd4 Nc5 15. Bc2
O-O 16. Rd1 Qc7 17. Qg4 Kh8 18. Qh3 g6 19. Bh6 Rfd8 20. Rac1 Rac8 21. Nf3 Kg8
22. Bd2 f5 23. Ng5 Bf8 24. Nd6 Bxd6 25. exd6 Rxd6 26. Bxb4 Qe7 27. Qh6 Qg7 28.
Qxg7+ Kxg7 29. Bxf5 gxf5 30. Rxc5 Rdc6 31. Nxe6+ Rxe6 32. Rxc8 Bxc8 33. Rxd5 Re4
34. Bc3+ Kf7 35. a5 Ke6 36. Rd8 Bd7 37. Rh8 Rh4 38. g3 Rh5 39. h4 Kf7 40. Kg2
Bc6+ 41. f3 f4 42. Rc8 Rc5 43. Rc7+ Kg6 44. Rg7+ Kh6 45. Ra7 Bb5 46. g4 Rc8 47.
Rf7 {Black resigns} 1-0

[Event "Team 45 45 League T56"]
[Site "Internet Chess Club"]
[Date "2013.03.25"]
[Round "5"]
[White "chiiwen"]
[Black "Barrett-CCSCSL"]
[Result "1-0"]
[WhiteElo "2134"]
[BlackElo "2118"]
[Opening "Caro-Kann: Steinitz variation"]
[ECO "B17"]
[Time "21:02:59"]
[TimeControl "2700+45"]

1. e4 c6 2. d4 d5 3. Nd2 dxe4 4. Nxe4 Nd7 5. Ng5 h6 6. Ne6 Qa5+ 7. Bd2 Qb6 8.
Nxf8 Nxf8 9. Bc3 Be6 10. b3 Ng6 11. Qd2 Qc7 12. g3 Bd5 13. f3 Nf6 14. Bb2 b5 15.
c4 bxc4 16. bxc4 Be6 17. Bd3 O-O 18. Ne2 Bh3 19. Qe3 Qa5+ 20. Bc3 Qh5 21. g4
Qh4+ 22. Qf2 h5 23. gxh5 Nxh5 24. Rg1 Be6 25. Bd2 Qxf2+ 26. Kxf2 Rab8 27. Rg5
Rb2 28. Ke1 Nf6 29. Bc3 Rb6 30. Kf2 Rfb8 31. Ra5 a6 32. Rg1 Kf8 33. Rgg5 Nh7 34.
Rg1 Nf6 35. Ke3 Ke8 36. h4 Nxh4 37. Rxg7 Ng6 38. Nf4 Nxf4 39. Kxf4 Kd7 40. Rgg5
Ra8 41. Kg3 Kc7 42. d5 cxd5 43. cxd5 Nxd5 44. Raxd5 Bxd5 45. Rxd5 Rg8+ 46. Kf2
Rc6 47. Be5+ Kc8 48. Ra5 f6 49. Bf4 e5 50. Be3 Rh8 51. Bxa6+ Kc7 52. Bd3 Kd6 53.
Be4 Rcc8 54. Ra6+ Ke7 55. Bd2 Rb8 56. Bc1 Kf7 57. Ke3 Rhd8 58. Ra7+ Ke6 59. Ba3
f5 60. Ra6+ {Black resigns} 1-0

[Event "Team 45 45 League T56"]
[Site "Internet Chess Club"]
[Date "2013.03.22"]
[Round "5"]
[White "zeigmata"]
[Black "f5"]
[Result "1/2-1/2"]
[WhiteElo "2154"]
[BlackElo "2112"]
[Opening "Dutch defense"]
[ECO "A87"]
[Time "16:02:10"]
[TimeControl "2700+45"]

1. d4 f5 2. g3 Nf6 3. Bg2 g6 4. Nf3 Bg7 5. O-O d6 6. c4 O-O 7. Nc3 Qe8 8. b3 e5
9. dxe5 dxe5 10. Ba3 Rf7 11. e4 f4 12. Qc2 Nc6 13. Ng5 Nd4 14. Qb2 Rd7 15. Nd5
c6 16. Nxf6+ Bxf6 17. Nf3 g5 18. Nxd4 Rxd4 19. Bc5 Rd8 20. Rad1 b6 21. Bb4 Bb7
22. Bc3 Qe6 23. Kh1 Kf7 24. Qe2 Ke7 {Game drawn by mutual agreement} 1/2-1/2

[Event "Team 45 45 League T56"]
[Site "Internet Chess Club"]
[Date "2013.03.23"]
[Round "5"]
[White "barbak"]
[Black "Campagnolo"]
[Result "0-1"]
[WhiteElo "1965"]
[BlackElo "2078"]
[Opening "Caro-Kann: Panov-Botvinnik, Czerniak variation"]
[ECO "B13"]
[Time "18:31:38"]
[TimeControl "2700+45"]

1. e4 c6 2. d4 d5 3. exd5 cxd5 4. c4 Nf6 5. Nc3 Nc6 6. Bg5 Qa5 7. Nf3 Bg4 8.
Bxf6 exf6 9. cxd5 Bb4 10. Qe2+ Kf8 11. O-O-O Ne7 12. d6 Bxd6 13. h3 Bf5 14. Qb5
Bf4+ 15. Nd2 Qc7 16. g3 Bd6 17. Nc4 a6 18. Qb3 b5 19. Nxd6 Qxd6 20. Bg2 Rc8 21.
a3 g6 22. Rhe1 h5 23. d5 Kg7 24. Re3 Rc7 25. Rd2 Nc8 26. Kd1 Nb6 27. Rde2 Nc4
28. Rf3 Qd7 29. Re1 Ne5 30. Rfe3 Rhc8 31. f4 Nc4 32. Re7 Qd6 33. Rxc7 Rxc7 34.
Re2 Qc5 35. Be4 Qd4+ 36. Kc1 Bxe4 37. Rxe4 Qd2+ 38. Kb1 Qd3+ 39. Ka2 Nd2 40. Qd1
Rxc3 41. bxc3 Qxd5+ {White resigns} 0-1

[Event "Team 45 45 League T56"]
[Site "Internet Chess Club"]
[Date "2013.03.25"]
[Round "5"]
[White "mugurelt"]
[Black "tsia68"]
[Result "1-0"]
[WhiteElo "1750"]
[BlackElo "1733"]
[Opening "Dutch: Leningrad, main variation with c6"]
[ECO "A88"]
[Time "16:33:49"]
[TimeControl "2700+45"]

1. d4 f5 2. c4 Nf6 3. Nc3 g6 4. Nf3 Bg7 5. g3 d6 6. Bg2 O-O 7. O-O c6 8. Qb3 Qb6
9. Qc2 Qc7 10. Rb1 a5 11. a3 e5 12. dxe5 dxe5 13. Rd1 Be6 14. b3 Nbd7 15. Ng5
Rfe8 16. e4 f4 17. Ne2 fxg3 18. hxg3 Ng4 19. c5 h6 20. Nxe6 Rxe6 21. Bh3 h5 22.
f3 Bf8 23. b4 axb4 24. axb4 Ndf6 25. fxg4 Nxg4 26. Bxg4 hxg4 27. Rf1 Kg7 28. Bg5
Be7 29. Bxe7 Qxe7 30. Rbd1 b6 31. cxb6 Qxb4 32. Rb1 Qa3 33. Qb3 Qc5+ 34. Kg2 Re7
35. Qc3 Qxc3 36. Nxc3 Rb7 37. Rb4 Ra3 38. Na4 Ra2+ 39. Rf2 Ra1 40. Nc5 Rb8 41.
b7 {Black resigns} 1-0

[Event "Team 45 45 League T56"]
[Site "Internet Chess Club"]
[Date "2013.03.19"]
[Round "5"]
[White "latayvia"]
[Black "justice02"]
[Result "1-0"]
[WhiteElo "1829"]
[BlackElo "1737"]
[Opening "QGD Slav: Steiner variation"]
[ECO "D16"]
[Time "23:00:51"]
[TimeControl "2700+45"]

1. d4 d5 2. c4 c6 3. Nf3 Nf6 4. Nc3 dxc4 5. a4 Bg4 6. Ne5 Bh5 7. f3 Nbd7 8. Nxc4
e6 9. e4 Be7 10. Be2 O-O 11. O-O Qc7 12. Be3 Rad8 13. Qc2 Bg6 14. Nd2 Nh5 15. f4
Bd6 16. g3 Qb6 17. a5 Qc7 18. Qd1 Nxg3 19. hxg3 Bb4 20. Kg2 h6 21. Qa4 Be7 22.
e5 a6 23. Bf3 Bd3 24. Rfc1 b5 25. Qb3 Bg6 26. d5 Bc5 27. d6 Qa7 28. Nd1 Bxe3 29.
Qxe3 c5 30. Nf2 Qb8 31. Bc6 Qc8 32. Bxd7 Qxd7 33. Rxc5 Rc8 34. Rac1 Rxc5 35.
Qxc5 f6 36. Qc7 Qe8 37. d7 Qe7 38. Qc8 Rd8 39. Qxd8+ {Black resigns} 1-0

[Event "Team 45 45 League T56"]
[Site "Internet Chess Club"]
[Date "2013.03.22"]
[Round "5"]
[White "RD1974"]
[Black "gandre"]
[Result "1/2-1/2"]
[WhiteElo "1642"]
[BlackElo "1855"]
[Opening "Caro-Kann: anti-anti-Caro-Kann defense"]
[ECO "B10"]
[Time "18:30:43"]
[TimeControl "2700+45"]

1. e4 c6 2. c4 d5 3. cxd5 cxd5 4. exd5 Nf6 5. Nc3 Nxd5 6. Nf3 Nc6 7. Bb5 e6 8.
O-O Be7 9. d4 O-O 10. Re1 Bd7 11. Bc4 Qa5 12. Nxd5 exd5 13. Bd2 Bb4 14. Bxb4
Nxb4 15. Ne5 Be6 16. Bb3 Rac8 17. a3 Nc6 18. Qd3 Qb6 19. Bc2 g6 20. Nxg6 hxg6
21. Rxe6 Qxd4 22. Rxg6+ fxg6 23. Qxg6+ Qg7 24. Qe6+ Qf7 25. Qg4+ Kh8 26. Qh4+
Kg8 27. Qg4+ Qg7 28. Qe6+ Qf7 29. Qg4+ Qg7 30. Qe6+ Qf7 {Game drawn by
repetition} 1/2-1/2

[Event "Team 45 45 League T56"]
[Site "Internet Chess Club"]
[Date "2013.03.23"]
[Round "5"]
[White "globulon"]
[Black "kingsrook"]
[Result "0-1"]
[WhiteElo "1285"]
[BlackElo "1295"]
[Opening "Sicilian: Anderssen variation"]
[ECO "B41"]
[Time "12:00:41"]
[TimeControl "2700+45"]

1. e4 c5 2. Nf3 e6 3. d4 cxd4 4. Nxd4 Nf6 5. Nc3 Nc6 6. Be3 Bb4 7. f3 a6 8. Qd3
Ne5 9. Qd2 Qc7 10. Nde2 O-O 11. g4 Nxf3+ {White resigns} 0-1

[Event "Team 45 45 League T56"]
[Site "Internet Chess Club"]
[Date "2013.03.25"]
[Round "5"]
[White "anna"]
[Black "cys456"]
[Result "0-1"]
[WhiteElo "1641"]
[BlackElo "1858"]
[Opening "Sicilian: Alapin's variation (2.c3)"]
[ECO "B22"]
[Time "15:32:47"]
[TimeControl "2700+45"]

1. e4 c5 2. c3 d5 3. exd5 Qxd5 4. d4 Nf6 5. Nf3 Bg4 6. Be2 e6 7. Nbd2 cxd4 8.
cxd4 Nc6 9. Nb3 Bb4+ 10. Bd2 Bxd2+ 11. Qxd2 Bf5 12. O-O O-O 13. Rac1 Rac8 14.
Bc4 Qd6 15. Rfe1 a6 16. Nc5 Nxd4 17. Nxd4 Rxc5 18. Red1 Rd8 19. Nb3 Qxd2 20.
Rxd2 Rxd2 21. Nxc5 Rxb2 22. Bb3 g5 23. Nxb7 Bb1 24. Nd6 Bxa2 25. Bxa2 Rxa2 26.
g3 Nd5 27. Rc8+ Kg7 28. Ra8 a5 29. Ra7 a4 30. Kg2 g4 31. Kf1 a3 32. Rxf7+ Kg6
33. Ra7 Nc3 34. Nc4 Ra1+ 35. Kg2 a2 36. Ne3 Re1 37. Nxg4 a1=Q 38. Rxa1 Rxa1
{White resigns} 0-1

[Event "Team 45 45 League T56"]
[Site "Internet Chess Club"]
[Date "2013.03.24"]
[Round "5"]
[White "moodle"]
[Black "Kibamar101"]
[Result "0-1"]
[WhiteElo "1347"]
[BlackElo "1478"]
[Opening "French: advance, Euwe variation"]
[ECO "C02"]
[Time "19:00:35"]
[TimeControl "2700+45"]

1. e4 e6 2. d4 d5 3. e5 c5 4. Nf3 Nc6 5. c3 Bd7 6. a3 Nge7 7. b4 cxb4 8. axb4 a6
9. Bd3 Nf5 10. O-O Be7 11. Nbd2 Kf8 12. Nb3 h6 13. Nc5 Bxc5 14. bxc5 Ke7 15. Qb3
Bc8 16. Be3 Re8 17. c4 dxc4 18. Qxc4 Kf8 19. Rfd1 Qd7 20. Qc3 Nce7 21. Bc4 Nd5
22. Qb3 Rd8 23. Bd2 Qe7 24. Bxd5 Rxd5 25. Bb4 Qc7 26. c6+ Kg8 27. cxb7 Qxb7 28.
Qc3 Bd7 29. Rab1 Rb5 30. Qe1 Rb8 31. h3 Rxb4 32. Rbc1 Ba4 33. Rd2 Rb1 34. Rd3
Rxc1 35. Qxc1 Qb1 36. Rc3 Qxc1+ 37. Rxc1 Rd8 38. Rc4 Bb5 39. Rb4 Bc6 40. Rb6
Bxf3 41. gxf3 Nxd4 42. f4 Ra8 43. Kf1 a5 44. Rb1 a4 45. Ra1 a3 46. Kg2 a2 {White
resigns} 0-1

[Event "Team 45 45 League T56"]
[Site "Internet Chess Club"]
[Date "2013.03.24"]
[Round "5"]
[White "iceface"]
[Black "joshq03"]
[Result "1-0"]
[WhiteElo "1721"]
[BlackElo "1489"]
[Opening "QGD Slav defense"]
[ECO "D10"]
[Time "19:09:21"]
[TimeControl "2700+45"]

1. d4 d5 2. c4 c6 3. Nc3 Nf6 4. Bg5 Bf5 5. e3 Nbd7 6. Nf3 e6 7. cxd5 cxd5 8. Ne5
Be7 9. Bb5 a6 10. Bxf6 axb5 11. Bxe7 Qxe7 12. Qb3 Nxe5 13. dxe5 O-O 14. Nxb5 f6
15. exf6 Rxf6 16. Nd4 Bg6 17. Rc1 e5 18. Nb5 Bf7 19. a3 d4 20. Qd3 Rd8 21. O-O
Bg6 22. e4 Rf4 23. f3 Rd7 24. Rc2 Qg5 25. a4 Rdf7 26. Nd6 Rd7 27. Nc4 Rdf7 28.
Nd2 Rf8 29. Rc7 R4f7 30. Rxf7 Bxf7 31. Rc1 h6 32. Rc7 Rb8 33. Nf1 Qd8 34. Rc5
Qd6 35. Rc1 Qb4 36. Qb5 Qd6 37. Qc5 Qe6 38. Qc7 Qe8 39. Rc5 Ra8 40. Rxe5 Qxa4
41. Re7 Qb3 42. Qxb7 Qxb7 43. Rxb7 Ra1 44. Kf2 Bc4 45. Nd2 Be6 46. Rb4 Ra2 47.
f4 Bg4 48. Nf3 d3 49. h3 Bxf3 50. Kxf3 Ra1 51. Rd4 Rb1 52. Rxd3 Rxb2 53. Re3 Kf7
54. e5 Ke6 55. g4 Rb5 56. f5+ Ke7 57. e6 Ra5 58. h4 Rb5 59. Kf4 Rb4+ 60. Re4 Rb5
61. g5 hxg5+ 62. hxg5 Rb7 63. Kg4 Rb5 64. f6+ gxf6 65. gxf6+ Kxf6 66. e7 Rg5+
67. Kh4 Kg7 68. e8=Q Rg6 69. Qxg6+ Kxg6 70. Rf4 {Black resigns} 1-0

[Event "Team 45 45 League T56"]
[Site "Internet Chess Club"]
[Date "2013.03.25"]
[Round "5"]
[White "calsal"]
[Black "EyeAm"]
[Result "0-1"]
[WhiteElo "1520"]
[BlackElo "1716"]
[Opening "Boden-Kieseritsky gambit"]
[ECO "C42"]
[Time "18:00:10"]
[TimeControl "2700+45"]

1. e4 e5 2. Nf3 Nf6 3. Bc4 Nxe4 4. Nc3 Nd6 5. Bb3 e4 6. Qe2 Qe7 7. Nd4 Nc6 8.
Nxc6 dxc6 9. O-O Bf5 10. Qe3 b6 11. Ba4 Qd7 12. d3 O-O-O 13. dxe4 Nxe4 14. Nxe4
Re8 15. Nf6 gxf6 16. Qf3 Be4 17. Qc3 Rg8 18. f3 Qh3 19. Rf2 Rxg2+ 20. Rxg2 Bc5+
21. Be3 Qxf3 22. Rg3 Qh1+ 23. Kf2 Qxh2+ 24. Kf1 Qxg3 25. Qd2 Bxe3 {White
resigns} 0-1

[Event "Team 45 45 League T56"]
[Site "Internet Chess Club"]
[Date "2013.03.22"]
[Round "5"]
[White "ealps"]
[Black "bookseller"]
[Result "0-1"]
[WhiteElo "1524"]
[BlackElo "1654"]
[Opening "Ruy Lopez: fianchetto (Smyslov/Barnes) defense"]
[ECO "C60"]
[Time "10:04:23"]
[TimeControl "2700+45"]

1. e4 e5 2. Nf3 Nc6 3. Bb5 g6 4. d4 exd4 5. Bg5 Nge7 6. Bf6 Rg8 7. Bxc6 dxc6 8.
c3 dxc3 9. Nxc3 Qxd1+ 10. Rxd1 Bg4 11. Rd3 Bxf3 12. gxf3 Rd8 13. Rxd8+ Kxd8 14.
Ke2 Bg7 15. Rd1+ Ke8 16. e5 Bxf6 17. exf6 Nf5 18. Ne4 h5 19. f4 h4 20. h3 Rh8
21. b4 Rh5 22. Kf3 Nd6 23. Ng5 Kd7 24. Re1 Nf5 25. Nxf7 Rh7 26. Ng5 Rh8 27. Rd1+
Nd6 28. Kg4 Rf8 29. Kxh4 Rxf6 30. Kg4 b6 31. h4 c5 32. bxc5 bxc5 33. Ne4 Rf8 34.
Kg5 Kc6 35. Nxd6 cxd6 36. Rd2 Rg8 37. f5 gxf5+ 38. Kxf5 c4 39. h5 d5 40. h6 Kc5
41. h7 Rh8 42. Kg6 c3 43. Rc2 d4 44. Kg7 Rxh7+ 45. Kxh7 Kc4 46. f4 d3 47. Rc1 d2
{White resigns} 0-1

[Event "Team 45 45 League T56"]
[Site "Internet Chess Club"]
[Date "2013.03.23"]
[Round "5"]
[White "pkraus"]
[Black "parrot9"]
[Result "0-1"]
[WhiteElo "1569"]
[BlackElo "1659"]
[Opening "QGD semi-Slav"]
[ECO "D43"]
[Time "14:00:42"]
[TimeControl "2700+45"]

1. d4 d5 2. c4 c6 3. Nc3 Nf6 4. Nf3 e6 5. cxd5 cxd5 6. Bg5 Be7 7. Qc2 a6 8. e3
Nc6 9. a3 O-O 10. Bd3 h6 11. Bxf6 Bxf6 12. O-O e5 13. dxe5 Nxe5 14. Nxe5 Bxe5
15. Rfd1 Bxc3 16. bxc3 Qa5 17. Be2 Be6 18. Bf3 Rac8 19. Rdc1 Rc7 20. a4 Rfc8 21.
Ra3 b5 22. Qb2 b4 23. Raa1 Rxc3 24. Rxc3 Rxc3 25. h3 Qc5 26. Rb1 a5 27. Bd1 Bf5
28. Ra1 d4 29. exd4 Qxd4 30. Rc1 Be6 31. Kh1 Rxh3+ {White resigns} 0-1

[Event "Team 45 45 League T56"]
[Site "Internet Chess Club"]
[Date "2013.03.22"]
[Round "5"]
[White "Lumumba"]
[Black "stantheman59"]
[Result "1-0"]
[WhiteElo "1460"]
[BlackElo "1235"]
[Opening "Scotch game"]
[ECO "C45"]
[Time "20:17:15"]
[TimeControl "2700+45"]

1. e4 e5 2. Nf3 Nc6 3. d4 exd4 4. Nxd4 Bc5 5. Nxc6 bxc6 6. Bd3 d5 7. O-O Nf6 8.
Bg5 Be7 9. exd5 cxd5 10. Nc3 O-O 11. Bxf6 Bxf6 12. Nxd5 Bxb2 13. Rb1 Rb8 14. Ne3
Be6 15. Nc4 Bxc4 16. Bxc4 Qh4 17. Qd5 Rbd8 18. Qc6 Be5 19. g3 Qg5 20. Rb5 h5 21.
Qe4 Rd4 22. Qxd4 Re8 23. Rxe5 Rxe5 24. f4 Re4 25. Qxe4 {Black resigns} 1-0

[Event "Team 45 45 League T56"]
[Site "Internet Chess Club"]
[Date "2013.03.23"]
[Round "5"]
[White "BYOB69"]
[Black "cBishop"]
[Result "1-0"]
[WhiteElo "1824"]
[BlackElo "1663"]
[Opening "Queen's pawn, Mason variation"]
[ECO "D00"]
[Time "13:03:07"]
[TimeControl "2700+45"]

1. d4 d5 2. Bf4 Nf6 3. e3 c6 4. c4 e6 5. Nf3 Bb4+ 6. Nc3 Qa5 7. Qb3 Ne4 8. Rc1
Nd7 9. a3 Bxc3+ 10. bxc3 b6 11. Bd3 Ndf6 12. h3 Ba6 13. O-O O-O 14. Rfd1 Rac8
15. Nd2 Nxd2 16. Rxd2 dxc4 17. Bxc4 Bxc4 18. Qxc4 Qxa3 19. Rdd1 a5 20. Ra1 Qe7
21. Qa6 Nd5 22. Rdc1 Ra8 23. Qc4 Rfc8 24. Bg3 b5 25. Qd3 Nb6 26. Rcb1 Nc4 27. f3
a4 28. Be1 Rd8 29. Qe2 Ra6 30. Bd2 Rda8 31. Bc1 Qd7 32. Ba3 Re8 33. f4 f5 34.
Kf2 Qd5 35. Qd3 Ra7 36. Rg1 Rf7 37. Ke2 Na5 38. Bb4 Nb3 39. Raf1 Qc4 40. Qxc4
bxc4 41. g4 Ra7 42. Ba3 Rb8 43. gxf5 exf5 44. Rg5 g6 45. h4 Kf7 46. h5 Na5 47.
hxg6+ hxg6 48. Rh1 Kf6 49. Bd6 Rb2+ 50. Kf3 Rab7 51. Rh6 Rg7 52. Be5+ Kf7 53.
Bxg7 Kxg7 54. Rhxg6+ Kf7 55. Rg7+ Kf8 56. Ra7 Rb5 57. e4 a3 58. Rxf5+ Rxf5 59.
exf5 {Black resigns} 1-0